PAA
LAKE MINNETONKA LOVE BOATS @ FT. POLK SOUTH THUNDER HAWKS
08/30/2037
 
TOP OF THE 1ST
Lake Minnetonka Love Boats batting - Pitching for Ft. Polk South Thunder Hawks : RHP Laurel Yanny
Pitching: RHP Laurel Yanny
Batting: LHB Arto Toikka 0-0: Ground out 5-3 (Groundball, 56, EV 92.5 MPH)
Batting: LHB Wilton Maynard 0-0: Called Strike
0-1: Foul Ball, location: 2F
0-2: Ball
1-2: Ground out 4-3 (Groundball, 4D, EV 102.5 MPH)
Batting: RHB António Amaya 0-0: SINGLE (Line Drive, 6D, EV 94.4 MPH)
Batting: RHB Esteban León 0-0: Ball
1-0: Ball
2-0: Foul Ball, location: 2F
2-1: Foul Ball, location: 2F
2-2: Ball
3-2: Strikes out swinging
Top of the 1st over - 0 runs, 1 hit, 0 errors, 1 left on base; Lake Minnetonka 0 - Ft. Polk South 0
BOTTOM OF THE 1ST
Ft. Polk South Thunder Hawks batting - Pitching for Lake Minnetonka Love Boats : RHP Hugo Hinojo
Pitching: RHP Hugo Hinojo
Batting: RHB Yasuhide Nakashima 0-0: Foul Ball, location: 2F
0-1: Swinging Strike
0-2: Ball
1-2: Ball
2-2: Ball
3-2: Base on Balls
Batting: RHB Ruggiero Veneziano 0-0: Ball
1-0: Swinging Strike
1-1: Ball
2-1: Fly out, F8 (Flyball, 89D, EV 104.4 MPH)
Batting: LHB Carlos Castro 0-0: Ball
1-0: Called Strike
Yasuhide Nakashima steals 2nd base
1-1: Ball
2-1: Swinging Strike
2-2: Ground out 4-3 (Groundball, 34, EV 86.9 MPH)
Yasuhide Nakashima to third
Batting: LHB Gregory Clement 0-0: Foul Ball, location: 2F
0-1: Called Strike
0-2: Fly out, F7 (Flyball, 7D, EV 100.6 MPH)
Bottom of the 1st over - 0 runs, 0 hits, 0 errors, 1 left on base; Lake Minnetonka 0 - Ft. Polk South 0
TOP OF THE 2ND
Lake Minnetonka Love Boats batting - Pitching for Ft. Polk South Thunder Hawks : RHP Laurel Yanny
Batting: LHB Nicol van Gorp 0-0: Called Strike
0-1: Ball
1-1: Ball
2-1: Fly out, F9 (Flyball, 9, EV 88.1 MPH)
Batting: LHB Su-wu Xiao 0-0: Ball
1-0: DOUBLE (Groundball, 3L, EV 109.4 MPH)
Batting: SHB Celio Guimaraens 0-0: Called Strike
0-1: Fly out, F7 (Flyball, 7S, EV 90.6 MPH)
Batting: RHB Yoshii Saikawa 0-0: Called Strike
0-1: Foul Ball, location: 2F
0-2: Strikes out swinging
Top of the 2nd over - 0 runs, 1 hit, 0 errors, 1 left on base; Lake Minnetonka 0 - Ft. Polk South 0
BOTTOM OF THE 2ND
Ft. Polk South Thunder Hawks batting - Pitching for Lake Minnetonka Love Boats : RHP Hugo Hinojo
Batting: RHB Miguel Pacheco 0-0: Called Strike
0-1: Ball
1-1: Ground out 6-3 (Groundball, 6, EV 85.0 MPH)
Batting: RHB Lucas Gallant 0-0: Ball
1-0: Fly out, F8 (Flyball, 8RS, EV 80.6 MPH)
Batting: RHB Terry Kurucz 0-0: Ball
1-0: Called Strike
1-1: Foul Ball, location: 2F
1-2: Ball
2-2: Fly out, F7 (Line Drive, 7D, EV 108.8 MPH)
Bottom of the 2nd over - 0 runs, 0 hits, 0 errors, 0 left on base; Lake Minnetonka 0 - Ft. Polk South 0
TOP OF THE 3RD
Lake Minnetonka Love Boats batting - Pitching for Ft. Polk South Thunder Hawks : RHP Laurel Yanny
Batting: RHB Alejandro Mingo 0-0: Ball
1-0: Foul Ball, location: 2F
1-1: SINGLE (Flyball, 78M, EV 85.0 MPH)
Batting: LHB Arto Toikka 0-0: Ball
1-0: Called Strike
1-1: SINGLE (Groundball, 3S, EV 81.9 MPH) (infield hit)
Alejandro Mingo to second
Batting: LHB Wilton Maynard 0-0: Foul Ball, location: 2F
0-1: Ball
1-1: Ball
2-1: Foul Ball, location: 2F
2-2: Fly out, F9 (Flyball, 9S, EV 88.8 MPH)
Batting: RHB António Amaya 0-0: Ball
1-0: Ball
2-0: Foul Ball, location: 2F
2-1: Ball
3-1: Foul Ball, location: 2F
3-2: Reached on error, E6 (Groundball, 6, EV 86.9 MPH)
Alejandro Mingo to third
Arto Toikka to second
Batting: RHB Esteban León 0-0: Ball
1-0: Ball
2-0: Called Strike
2-1: Ball
3-1: Called Strike
3-2: Grounds into double play, U6-3 (Groundball, 4M, EV 106.9 MPH)
Top of the 3rd over - 0 runs, 2 hits, 1 error, 2 left on base; Lake Minnetonka 0 - Ft. Polk South 0
BOTTOM OF THE 3RD
Ft. Polk South Thunder Hawks batting - Pitching for Lake Minnetonka Love Boats : RHP Hugo Hinojo
Batting: LHB Marc Ben 0-0: Ball
1-0: Ball
2-0: Ball
3-0: Base on Balls
Batting: RHB César Salvatierra 0-0: Ball
1-0: Foul Ball, location: 2F
1-1: Ground out 6-3 (Groundball, 6, EV 97.5 MPH)
Marc Ben to second
Batting: RHB Yasuhide Nakashima 0-0: Foul Ball, location: 2F
0-1: Fly out, F8 (Flyball, 8LS, EV 76.9 MPH)
Batting: RHB Ruggiero Veneziano 0-0: 2-RUN HOME RUN (Flyball, 78XD, EV 104.4 MPH), Distance : 376 ft
Batting: LHB Carlos Castro 0-0: Ball
1-0: Called Strike
1-1: Ball
2-1: Ball
3-1: Foul Ball, location: 2F
3-2: Fly out, F7 (Flyball, 7D, EV 101.9 MPH)
Bottom of the 3rd over - 2 runs, 1 hit, 0 errors, 0 left on base; Lake Minnetonka 0 - Ft. Polk South 2
TOP OF THE 4TH
Lake Minnetonka Love Boats batting - Pitching for Ft. Polk South Thunder Hawks : RHP Laurel Yanny
Batting: LHB Nicol van Gorp 0-0: Ball
1-0: Called Strike
1-1: Ball
2-1: Foul Ball, location: 2F
2-2: Fly out, F8 (Flyball, 8RS, EV 81.9 MPH)
Batting: LHB Su-wu Xiao 0-0: Called Strike
0-1: Called Strike
0-2: Ball
1-2: Ball
2-2: Ball
3-2: SINGLE (Groundball, 13, EV 61.9 MPH) (infield hit)
Batting: SHB Celio Guimaraens 0-0: Swinging Strike
0-1: Ball
1-1: Ball
2-1: Swinging Strike
2-2: Fly out, F8 (Flyball, 8LS, EV 96.9 MPH)
Batting: RHB Yoshii Saikawa 0-0: Foul Ball, location: 2F
0-1: Ball
1-1: Ball
2-1: Ball
3-1: Foul Ball, location: 2F
3-2: SINGLE (Line Drive, 4MD, EV 97.5 MPH)
Su-wu Xiao to second
Su-wu Xiao to third
Batting: RHB Alejandro Mingo 0-0: Ball
1-0: Ball
2-0: Fly out, F9 (Flyball, 9LMF, EV 82.5 MPH)
Top of the 4th over - 0 runs, 2 hits, 0 errors, 2 left on base; Lake Minnetonka 0 - Ft. Polk South 2
BOTTOM OF THE 4TH
Ft. Polk South Thunder Hawks batting - Pitching for Lake Minnetonka Love Boats : RHP Hugo Hinojo
Batting: LHB Gregory Clement 0-0: Ball
1-0: Foul Ball, location: 2F
1-1: Foul Ball, location: 2F
1-2: SINGLE (Groundball, 34S, EV 72.5 MPH) (infield hit)
Batting: RHB Miguel Pacheco 0-0: Called Strike
0-1: Called Strike
0-2: Foul Ball, location: 2F
0-2: Strikes out looking
Batting: RHB Lucas Gallant 0-0: Ball
1-0: Ball
2-0: Called Strike
2-1: Foul Ball, location: 2F
2-2: Fielders Choice at 2nd, 6-4 (Groundball, 6, EV 79.4 MPH)
Batting: RHB Terry Kurucz 0-0: Ball
1-0: Foul Ball, location: 2F
1-1: Ball
2-1: Ball
3-1: Base on Balls
Lucas Gallant to second
Batting: LHB Marc Ben 0-0: Ball
1-0: Foul Ball, location: 2F
1-1: Fly out, F8 (Line Drive, 8RM, EV 98.1 MPH)
Bottom of the 4th over - 0 runs, 1 hit, 0 errors, 2 left on base; Lake Minnetonka 0 - Ft. Polk South 2
TOP OF THE 5TH
Lake Minnetonka Love Boats batting - Pitching for Ft. Polk South Thunder Hawks : RHP Laurel Yanny
Batting: LHB Arto Toikka 0-0: Called Strike
0-1: Foul Ball, location: 2F
0-2: Ball
1-2: Foul Ball, location: 2F
1-2: Ball
2-2: Foul Ball, location: 2F
2-2: SINGLE (Groundball, 3D, EV 99.4 MPH)
Batting: LHB Wilton Maynard 0-0: Called Strike
0-1: Foul Ball, location: 2F
0-2: Fielders Choice at 2nd, 4-6 (Groundball, 4, EV 100.6 MPH)
Pitching: RHP Ralph Owens
Batting: RHB António Amaya 0-0: Ball
1-0: Ball
Wild Pitch!
Wilton Maynard to second
2-0: Ball
3-0: Called Strike
3-1: Ground out 4-3 (Groundball, 4, EV 90.0 MPH)
Wilton Maynard to third
Batting: RHB Esteban León 0-0: Ball
1-0: Foul Ball, location: 2F
1-1: Called Strike
1-2: Ball
2-2: Ball
3-2: Ground out 4-3 (Groundball, 4, EV 79.4 MPH)
Top of the 5th over - 0 runs, 1 hit, 0 errors, 1 left on base; Lake Minnetonka 0 - Ft. Polk South 2
BOTTOM OF THE 5TH
Ft. Polk South Thunder Hawks batting - Pitching for Lake Minnetonka Love Boats : RHP Hugo Hinojo
Batting: RHB César Salvatierra 0-0: Swinging Strike
0-1: TRIPLE (Groundball, 3L, EV 104.4 MPH)
Batting: RHB Yasuhide Nakashima 0-0: Called Strike
0-1: Swinging Strike
0-2: Ball
1-2: Ball
2-2: Strikes out looking
Batting: RHB Ruggiero Veneziano 0-0: Called Strike
0-1: Ball
1-1: Foul Ball, location: 2F
1-2: Foul Ball, location: 2F
1-2: Fly out, F7 (Line Drive, 7, EV 98.8 MPH)
Runner from 3rd tags up, SCORES, no throw by LF
Batting: LHB Carlos Castro 0-0: Ball
1-0: Ball
2-0: Ball
3-0: Base on Balls
Batting: LHB Gregory Clement 0-0: Called Strike
0-1: Foul Ball, location: 2F
0-2: Ball
1-2: Fly out, F7 (Flyball, 7D, EV 94.4 MPH)
Bottom of the 5th over - 1 run, 1 hit, 0 errors, 1 left on base; Lake Minnetonka 0 - Ft. Polk South 3
TOP OF THE 6TH
Lake Minnetonka Love Boats batting - Pitching for Ft. Polk South Thunder Hawks : RHP Ralph Owens
Batting: LHB Nicol van Gorp 0-0: Called Strike
0-1: Ball
1-1: Swinging Strike
1-2: Ground out 4-3 (Groundball, 4, EV 84.4 MPH)
Batting: LHB Su-wu Xiao 0-0: Called Strike
0-1: Ball
1-1: Foul Ball, location: 2F
1-2: Foul Ball, location: 2F
1-2: Ball
2-2: Foul Ball, location: 2F
2-2: Fly out, F7 (Flyball, 7S, EV 88.1 MPH)
Batting: SHB Celio Guimaraens 0-0: Called Strike
0-1: Ball
1-1: Foul Ball, location: 2F
1-2: Ground out 4-3 (Groundball, 4, EV 101.2 MPH)
Top of the 6th over - 0 runs, 0 hits, 0 errors, 0 left on base; Lake Minnetonka 0 - Ft. Polk South 3
BOTTOM OF THE 6TH
Ft. Polk South Thunder Hawks batting - Pitching for Lake Minnetonka Love Boats : RHP Hugo Hinojo
Batting: RHB Miguel Pacheco 0-0: Ground out 5-3 (Groundball, 56, EV 83.8 MPH)
Batting: RHB Lucas Gallant 0-0: Foul Ball, location: 2F
0-1: Foul Ball, location: 2F
0-2: Ground out 4-3 (Groundball, 4S, EV 68.1 MPH)
Batting: RHB Terry Kurucz 0-0: Ball
1-0: Foul Ball, location: 2F
1-1: Called Strike
1-2: Ball
2-2: Foul Ball, location: 2F
2-2: Strikes out swinging
Bottom of the 6th over - 0 runs, 0 hits, 0 errors, 0 left on base; Lake Minnetonka 0 - Ft. Polk South 3
TOP OF THE 7TH
Lake Minnetonka Love Boats batting - Pitching for Ft. Polk South Thunder Hawks : RHP Ralph Owens
Batting: RHB Yoshii Saikawa 0-0: Fly out, F7 (Flyball, 7LS, EV 93.1 MPH)
Batting: RHB Alejandro Mingo 0-0: Ball
1-0: Called Strike
1-1: Ball
2-1: Swinging Strike
2-2: Strikes out swinging
Batting: LHB Arto Toikka 0-0: Ball
1-0: Swinging Strike
1-1: Ball
2-1: SINGLE (Groundball, 34, EV 85.0 MPH) (infield hit)
Batting: LHB Wilton Maynard 0-0: Swinging Strike
0-1: Ball
1-1: Called Strike
1-2: Ball
2-2: Foul Ball, location: 2F
2-2: Ball
3-2: SINGLE (Groundball, 34D, EV 96.2 MPH)
Arto Toikka to second
Arto Toikka to third
Batting: RHB António Amaya 0-0: Ball
1-0: Ball
2-0: Ball
3-0: SINGLE (Flyball, 8RM, EV 92.5 MPH)
Arto Toikka scores
Wilton Maynard to second
Batting: RHB Esteban León 0-0: SINGLE (Line Drive, 4MD, EV 95.6 MPH)
Wilton Maynard to third
António Amaya to second
Runner from 3rd tries for Home, SAFE, throw by CF to home
Batting: LHB Nicol van Gorp 0-0: Foul Ball, location: 2F
0-1: Ball
1-1: Ground out U3 (Groundball, 34, EV 90.0 MPH)
Top of the 7th over - 2 runs, 4 hits, 0 errors, 2 left on base; Lake Minnetonka 2 - Ft. Polk South 3
BOTTOM OF THE 7TH
Ft. Polk South Thunder Hawks batting - Pitching for Lake Minnetonka Love Boats : RHP Hugo Hinojo
Pitching: RHP Dennis Blanchard
Batting: LHB Marc Ben 0-0: Ball
1-0: Called Strike
1-1: Swinging Strike
1-2: Fly out, F8 (Flyball, 8RD, EV 100.0 MPH)
Batting: RHB César Salvatierra 0-0: Ball
1-0: Ground out 4-3 (Groundball, 4M, EV 82.5 MPH)
Batting: RHB Yasuhide Nakashima 0-0: Foul Ball, location: 2F
0-1: Fly out, F9 (Flyball, 9, EV 71.9 MPH)
Bottom of the 7th over - 0 runs, 0 hits, 0 errors, 0 left on base; Lake Minnetonka 2 - Ft. Polk South 3
TOP OF THE 8TH
Lake Minnetonka Love Boats batting - Pitching for Ft. Polk South Thunder Hawks : RHP Ralph Owens
Batting: LHB Su-wu Xiao 0-0: Called Strike
0-1: Ball
1-1: Ball
2-1: Swinging Strike
2-2: Ball
3-2: Foul Ball, location: 2F
3-2: Base on Balls
Pitching: RHP Ricardo Peito
Batting: SHB Celio Guimaraens 0-0: Ball
1-0: Fly out, F9 (Flyball, 89S, EV 87.5 MPH)
Batting: RHB Yoshii Saikawa 0-0: Called Strike
0-1: Fly out, F7 (Flyball, 78M, EV 86.2 MPH)
Batting: RHB Alejandro Mingo 0-0: Foul Ball, location: 2F
0-1: Ball
1-1: Ball
2-1: Foul Ball, location: 2F
2-2: Ball
3-2: Base on Balls
Su-wu Xiao to second
Batting: LHB Arto Toikka 0-0: SINGLE (Groundball, 34D, EV 105.0 MPH)
Su-wu Xiao to third
Alejandro Mingo to second
Runner from 3rd tries for Home, SAFE, throw by RF to home
Batting: LHB Wilton Maynard 0-0: Ball
1-0: Called Strike
1-1: Called Strike
1-2: Fly out, F8 (Line Drive, 8RM, EV 85.0 MPH)
Top of the 8th over - 1 run, 1 hit, 0 errors, 2 left on base; Lake Minnetonka 3 - Ft. Polk South 3
BOTTOM OF THE 8TH
Ft. Polk South Thunder Hawks batting - Pitching for Lake Minnetonka Love Boats : RHP Dennis Blanchard
Batting: RHB Ruggiero Veneziano 0-0: Ball
1-0: Ball
2-0: Foul Ball, location: 2F
2-1: Called Strike
2-2: Ball
3-2: Base on Balls
Batting: LHB Carlos Castro 0-0: Ball
1-0: Called Strike
1-1: Foul Ball, location: 2F
1-2: Ball
Ruggiero Veneziano steals 2nd base
2-2: SINGLE (Line Drive, 34, EV 93.8 MPH)
Ruggiero Veneziano to third
Runner from 3rd tries for Home, SAFE, no throw by RF
Batting: LHB Gregory Clement 0-0: Ball
1-0: Fly out, F8 (Flyball, 78D, EV 91.9 MPH)
Batting: RHB Miguel Pacheco 0-0: Ball
1-0: Fly out, F5 (Popup, 25F, EV 84.4 MPH)
Batting: RHB Lucas Gallant 0-0: Foul Ball, location: 2F
0-1: Foul Ball, location: 2F
0-2: Foul Ball, location: 2F
0-2: Strikes out swinging
Bottom of the 8th over - 1 run, 1 hit, 0 errors, 1 left on base; Lake Minnetonka 3 - Ft. Polk South 4
TOP OF THE 9TH
Lake Minnetonka Love Boats batting - Pitching for Ft. Polk South Thunder Hawks : RHP Ricardo Peito
Now in CF: Roberto Baca
Batting: RHB António Amaya 0-0: Ball
1-0: Ball
2-0: Ball
3-0: Base on Balls
Batting: RHB Esteban León 0-0: Ball
1-0: Called Strike
1-1: Foul Ball, location: 2F
1-2: Fielders Choice at 2nd, 4-6 (Groundball, 4, EV 88.8 MPH)
Batting: LHB Nicol van Gorp 0-0: Ball
1-0: Ball
2-0: Called Strike
2-1: Hit by Pitch
Esteban León to second
Batting: LHB Su-wu Xiao 0-0: Ball
1-0: Ball
2-0: Called Strike
2-1: Ball
Wild Pitch!
Esteban León to third
Nicol van Gorp to second
3-1: Called Strike
3-2: Ground out 4-3 (Groundball, 4MS, EV 83.1 MPH)
Batting: SHB Celio Guimaraens 0-0: Ball
1-0: SINGLE (Groundball, 34D, EV 103.1 MPH)
Esteban León scores
Nicol van Gorp to third
Runner from 3rd tries for Home, SAFE, no throw by RF
Batting: RHB Yoshii Saikawa 0-0: Ball
1-0: Foul Ball, location: 2F
1-1: Swinging Strike
1-2: Ball
2-2: Foul Ball, location: 2F
2-2: Strikes out swinging
Top of the 9th over - 2 runs, 1 hit, 0 errors, 1 left on base; Lake Minnetonka 5 - Ft. Polk South 4
BOTTOM OF THE 9TH
Ft. Polk South Thunder Hawks batting - Pitching for Lake Minnetonka Love Boats : RHP Dennis Blanchard
Pitching: LHP Mark Jacobson
Now at 1B: Frans Boone
Now at 2B: Laquvionte Gonzáles
Pinch Hitting: RHB Juho Hovinen 0-0: Called Strike
0-1: Ground out 6-3 (Groundball, 56S, EV 85.6 MPH)
Pinch Hitting: RHB Justin Forbes 0-0: Called Strike
0-1: Ball
1-1: Ball
2-1: Ball
3-1: Called Strike
3-2: DOUBLE (Flyball, 89XD, EV 105.0 MPH)
Batting: RHB César Salvatierra 0-0: Ball
1-0: Ball
2-0: Ground out 5-3 (Groundball, 56, EV 92.5 MPH)
Batting: RHB Yasuhide Nakashima 0-0: Ball
1-0: Fly out, F7 (Flyball, 7, EV 77.5 MPH)
Bottom of the 9th over - 0 runs, 1 hit, 0 errors, 1 left on base; Lake Minnetonka 5 - Ft. Polk South 4
Thursday, January 23rd, 2020 - OOTP Baseball 20.8 Build 74